AoeStats
← Willykills97

Arabian Desert

509241332Analyzed
1v1 RM · 6d ago on Sep 26, 2026· 59m 2s· 2 players
Game mode
Random Map
Map size
Tiny (2 player)
Population
200
Speed
Normal
Resources
Standard
Victory
Conquest
Starting age
Dark Age
Ending age
Imperial Age
RankedLock teamsTeams togetherTeam positionsShared explorationLock speedFull tech treeHidden civsTurbo modeCheats
Victory
Defeat
🇲🇽 Magyars · Mexico
984
+14
🇺🇸 Mongols · United States
946
-14
thisisjory
8:37 Loom
10:43 Feudal Age
12:49 Horse Collar
12:56 Double-Bit Axe
15:20 Forging
16:15 Bloodlines
16:50 Scale Barding Armor
22:15 Castle Age
23:37 Bow Saw
23:29 Heavy Plow
27:10 Scale Mail Armor
37:15 Imperial Age
36:48 Pikeman
40:43 Wheelbarrow
41:34 Fletching
45:28 Bodkin Arrow
55:30 Town Watch
Willykills97
10:30 Feudal Age
22:12 Castle Age
20:48 Double-Bit Axe
21:10 Horse Collar
21:38 Scale Barding Armor
23:16 Wheelbarrow
22:15 Pikeman
32:23 Bow Saw
36:09 Imperial Age
34:03 Husbandry
34:34 Scale Mail Armor
35:16 Bloodlines
35:51 Heavy Plow
36:14 Chain Barding Armor
37:07 Chain Mail Armor
36:40 Arson
37:50 Crop Rotation
37:43 Conscription
37:53 Parthian Tactics
38:00 Hand Cart
39:23 Thumb Ring
41:30 Cavalier
43:46 Plate Barding Armor
44:45 Padded Archer Armor
44:35 Fletching
48:01 Leather Archer Armor
47:42 Bodkin Arrow
50:15 Two-Man Saw
50:46 Ring Archer Armor
50:17 Bracer
54:53 Heavy Cavalry Archer
Connection lost

Rejoining the realm…

Still unreachable

The connection could not be restored.

Session expired

The server has moved on; the page needs a fresh start.